 Dungeon Crawl Stone Soup version 0.31.0-1-g2c135a008e (webtiles) character file.

Game seed: 11378810740190046994

37 qw the Shooter (level 3, -1/28 HPs)
             Began as a Djinni Hunter on Jan 24, 2024.
             Slain by a black bear (5 damage)
             ... on level 2 of the Dungeon.
             The game lasted 00:00:02 (747 turns).

qw the Shooter (Djinni Hunter)                       Turns: 747, Time: 00:00:02

Health: -1/28      AC:  5    Str: 10    XL:     3   Next: 60%
Gold:   43         EV: 11    Int: 10    God:
                   SH:  0    Dex: 18

rFire   + + .        a - +0 shortbow
rCold   x . .        (shield currently unavailable)
rNeg    . . .        g - +0 ring mail
rPois   inf          (no helmet)
rElec   .            (no cloak)
rCorr   .            (no gloves)
SInv    .            (boots unavailable)
Will    .....        (no amulet)
Stlth   +            (no ring)
HPRegen 0.24/turn    (no ring)
MPRegen 0.00/turn

%: infuse magic (-2 HP)
@: flying
A: sickness immunity, fire resistance 2, cold vulnerability 1, float, innate
caster, HP casting, extra vitality 1
a: no special abilities


You were on level 2 of the Dungeon.
You visited 1 branch of the dungeon, and saw 2 of its levels.

You collected 43 gold pieces.


Innate Abilities, Weirdness & Mutations

You are immune to sickness and miasma.
You are immune to poison.
Your flesh is very heat resistant. (rF++)
You are vulnerable to cold. (rC-)
You float through the air rather than walking.
You learn spells naturally, not from books.
Your magical power is your life essence.
You have superior vitality. (+4 MHP)


   Skills:
 + Level 2.2 Fighting
 - Level 4.0 Ranged Weapons
 - Level 1.0 Armour
 - Level 2.1 Dodging
 - Level 0.7 Stealth


You knew the following spells:

 Your Spells              Type           Power      Damage    Failure   Level
a - Slow                  Hex            0%         N/A       67%         1
Your spell library was empty.

Inventory:

Hand Weapons
 a - a +0 shortbow (weapon)
Armour
 g - a +0 ring mail (worn)
Scrolls
 b - a scroll of noise {unknown}
Potions
 e - a potion of brilliance {unknown}

Dungeon Overview and Level Annotations

Branches:
Dungeon (2/15)

Altars:


Message History

You shoot an arrow. The arrow hits the black bear.
The black bear is moderately wounded.
You shoot an arrow. The arrow barely misses the black bear.
A kobold comes into view. It is wielding a +0 club.
You shoot an arrow.
The arrow hits the kobold but does no damage.
The kobold closely misses you.
You shoot an arrow.
The arrow completely misses the black bear.
The black bear bites you.
The black bear claws you but does no damage. x2
The kobold closely misses you.
You shoot an arrow. The arrow barely misses the black bear.
The black bear bites you. The black bear misses you.
The black bear claws you but does no damage.
The kobold barely misses you.
You shoot an arrow.
The arrow closely misses the black bear.
The black bear closely misses you. The black bear claws you. x2
The kobold hits you with a +0 club. The kobold barely misses you.
The black bear bites you. The black bear claws you.
The black bear claws you but does no damage.
You shoot an arrow. The arrow hits the black bear.
The black bear is heavily wounded.
The black bear bites you. The black bear claws you.
The black bear closely misses you. The kobold barely misses you.
You shoot an arrow. The arrow hits the black bear!
The black bear is severely wounded.
The black bear misses you. x2; The black bear claws you.
The kobold misses you.
You shoot an arrow. The arrow barely misses the black bear.
The black bear bites you but does no damage.
The black bear misses you.
The black bear claws you but does no damage.
The kobold hits you but does no damage. The black bear closely misses you.
The black bear claws you. The black bear misses you.
The kobold hits you but does no damage.
You shoot an arrow. The arrow hits the black bear.
The black bear is almost dead.
The black bear bites you.
You die...

###.#. ..... #.#.##
#....### ...... ...#
# #########.# #.#.#
#>%.......#..(..#
#.#######@h.#
#######.#####..K..#
.......#......##.....
.######.#####.#
.....# ##.# # .##..#
#..# .# .... #.## ..
##. #)# .. #.#


You could see a black bear and a kobold.

Vanquished Creatures
  3 dart slugs
  A ribbon worm (D:2)
  2 bats (D:1)
  2 endoplasms
  A giant cockroach (D:2)
  A goblin (D:1)
  4 hobgoblins
  4 quokkas (D:1)
  2 ball pythons (D:1)
  3 kobolds (D:1)
  3 rats
26 creatures vanquished.

Notes
Turn   | Place    | Note
-------+----------+-------------------------------------------
     0 | D:1      | qw the Djinni Hunter began the quest for the Orb.
     0 | D:1      | Reached XP level 1. HP: 18/18 MP: 0/0
     0 | D:1      | 0 ||| qw: Version: 0.3-a-136-gdd3b4e8
     0 | D:1      | 0 ||| qw: Game counter: 1321
     0 | D:1      | 0 ||| qw: Melee chars always use a shield: true
     0 | D:1      | 0 ||| qw: God list: Okawaru
     0 | D:1      | 0 ||| qw: Allow faded altars: false
     0 | D:1      | 0 ||| qw: Do Orc after clearing Dungeon:15 true
     0 | D:1      | 0 ||| qw: Do second Lair branch before Depths: true
     0 | D:1      | 0 ||| qw: Lair rune preference: random
     0 | D:1      | 0 ||| qw: Goals: Normal
     0 | D:1      | 0 ||| PLANNING D:1-11
    99 | D:1      | Reached XP level 2. HP: 23/23 MP: 0/0
   288 | D:1      | Found a faded altar of an unknown god.
   302 | D:1      | Reached XP level 3. HP: 28/28 MP: 0/0
   302 | D:1      | Learned a level 1 spell: Slow
   313 | D:1      | Reached skill level 4 in Ranged Weapons
   509 | D:1      | 509 ||| UPGRADING to +0 ring mail.
   519 | D:1      | 519 ||| DROPPING +0 leather armour.
   520 | D:1      | 520 ||| READING scroll labelled PASKEF QASHRETS.
   523 | D:1      | 523 ||| READING 3 scrolls labelled CYWATELIBE.
   524 | D:1      | 524 ||| READING scroll labelled FOCWOE JUEKHOX.
   525 | D:1      | 525 ||| DROPPING scroll of butterflies.
   526 | D:1      | 526 ||| DROPPING 2 scrolls of revelation.
   728 | D:2      | Reached skill level 1 in Armour
   737 | D:2      | Noticed a black bear
   745 | D:2      | HP: 5/28 [black bear (3)]
   747 | D:2      | Slain by a black bear

Levels and vault maps discovered:
D:1:      dpeg_arrival_radiant, layout_basic,
          chequers_ecumenical_altar_simple_redux
D:2:      layout_loops_ring, hangedman_decor_points

Skill      XL: |  1  2  3 |
---------------+----------+-----
Ranged Weapons | 4 |  4.0
Armour         | 1 |  1.0
Fighting       | |  2.2
Dodging        | |  2.1
Stealth        | |  0.7

Action                     || total
---------------------------++-------
   Fire: Shortbow          ||    82
    Use: Scroll            ||     3
 Armour: Leather armour    ||     8
         Ring mail         ||    21
  Dodge: Dodged            ||    29

Table legend:
 A = Non-vault XP
 B = Vault XP
 C = Vault XP percentage of total XP
 D = Non-vault monster count
 E = Vault monster count
 F = Vault count percentage of total count
                 A         B        C        D         E       F
            +---------+---------+-------+---------+---------+-------
      Total |      53 |       0 |   0.0 |      26 |       0 |   0.0
            +---------+---------+-------+---------+---------+-------
        D:1 |      38 |       0 |   0.0 |      20 |       0 |   0.0
        D:2 |      15 |       0 |   0.0 |       6 |       0 |   0.0
            +---------+---------+-------+---------+---------+-------
